 Dungeon Crawl Stone Soup version 0.17-a0-1711-gc5340a3 (console) character file.

308 lauthentik the Skirmisher (level 6, 0/53 HPs)
             Began as a Hill Orc Fighter on Aug 22, 2015.
             Was an Initiate of Beogh.
             Slain by an orc wizard
             ... wielding a +0 dagger
              (3 damage)
             ... on level 4 of the Dungeon.
             The game lasted 00:08:24 (2103 turns).

lauthentik the Skirmisher (Hill Orc Fighter)        Turns: 2103, Time: 00:08:25

Health: 0/53       AC:  5    Str: 21    XL:     6   Next: 40%
Magic:  6/6        EV: 10    Int:  8    God:    Beogh [......]
Gold:   178        SH:  0    Dex: 12    Spells: 0 memorised, 5 levels left

rFire  + . .     SeeInvis .     a - +0 long sword
rCold  + . .     Clarity  .     p - +2 robe {rF+}
rNeg   . . .     SustAt   .     c - +0 shield
rPois  .         Gourm    +     (no helmet)
rElec  .         Spirit   .     n - +0 cloak
rCorr  .         Warding  .     (no gloves)
rMut   .         Stasis   .     (no boots)
MR     .....                    q - amulet of the gourmand
Stlth  +.........               s - ring of protection from cold
                                g - +2 ring of dexterity

@: confused, not resistant to hostile enchantments, very unstealthy
A: no striking features
a: Renounce Religion


You were on level 4 of the Dungeon.
You worshipped Beogh.
Beogh was noncommittal.
You were very full.

You visited 1 branch of the dungeon, and saw 4 of its levels.

You collected 178 gold pieces.

Inventory:

Hand weapons
 a - a +0 long sword (weapon)
Armour
 b - a +0 scale mail
 c - a +0 shield (worn)
 n - a +0 cloak (worn)
 p - a +2 robe of fire resistance (worn)
Jewellery
 g - a +2 ring of dexterity (left hand)
 q - an amulet of the gourmand (around neck)
 s - a ring of protection from cold (right hand)
Scrolls
 e - a scroll of noise {unknown}
 f - 5 scrolls of remove curse
 h - 5 scrolls of identify {unknown}
 i - a scroll of enchant armour {unknown}
 k - 2 scrolls of teleportation {unknown}
 r - a scroll of magic mapping {unknown}
Potions
 d - 2 potions of might
 j - a potion of mutation {unknown}
 m - a potion of heal wounds {unknown}
 u - 2 potions of poison {unknown}
Comestibles
 l - 2 meat rations
 o - 2 fruits


   Skills:
 + Level 4.7 Fighting
 + Level 3.5 Long Blades
 + Level 4.3 Armour
 + Level 2.1 Dodging
 + Level 0.6 Stealth
 + Level 4.6 Shields


You had 5 spell levels left.
You didn't know any spells.

Dungeon Overview and Level Annotations

Branches:
Dungeon (4/15)
 Temple: D:4-7

Altars:
Cheibriados
Kikubaaqudgha
Trog


Message History

A magic dart appears from out of thin air!
The magic dart hits you!
* * * LOW HITPOINT WARNING * * *
The orc hits you with a mace.
* * * LOW HITPOINT WARNING * * *
The orc wizard barely misses you.
You hear some strange, mumbled words.
A magic dart appears from out of thin air!
The magic dart hits you!
* * * LOW HITPOINT WARNING * * *
You slash the orc wizard!
You kill the orc wizard!
Beogh accepts your kill. The orc closely misses you.
You hear some strange, mumbled words.
You are confused.
You're too confused to move!
The orc hits you but does no damage. The orc barely misses you.
Something hits you.
You die...
Beogh appreciates something's killing of a heretic priest.

#.## ...#
#..# #..#
#..# #<.#
#..# ###
#..#....#
#@{......
#..o#o####.#
##.....#
#.###.# #.
.# .. .. .#
.## .


You could see 2 orcs.

Vanquished Creatures
  Sigmund (D:2)
  An orc wizard (D:4)
  6 adders
  An ooze (D:2)
  2 worms
  2 orcs
  A ball python (D:1)
  6 goblins
  8 hobgoblins
  3 jackals (D:2)
  2 quokkas
  5 bats
  5 giant cockroaches
  A giant gecko (D:1)
  4 giant newts (D:2)
  7 kobolds
  6 rats
61 creatures vanquished.

Vanquished Creatures (others)
  5 orcs (D:3)
  A quokka (D:3)
6 creatures vanquished.

Grand Total: 67 creatures vanquished

Notes
Turn   | Place    | Note
--------------------------------------------------------------
     0 | D:1      | lauthentik the Hill Orc Fighter began the quest for the Orb.
     0 | D:1      | Reached XP level 1. HP: 19/19 MP: 1/1
   130 | D:1      | Reached XP level 2. HP: 27/27 MP: 2/2
   597 | D:2      | Reached XP level 3. HP: 29/33 MP: 3/3
   925 | D:2      | Reached skill level 4 in Shields
   972 | D:2      | Noticed Sigmund
   994 | D:2      | Killed Sigmund
   994 | D:2      | Reached skill level 1 in Dodging
   994 | D:2      | Reached XP level 4. HP: 9/41 MP: 4/4
   994 | D:2      | Reached XP level 5. HP: 10/47 MP: 5/5
  1175 | D:2      | Found a bloodstained altar of Trog.
  1212 | D:2      | Found a bloodstained altar of Trog.
  1378 | D:3      | Reached XP level 6. HP: 41/53 MP: 6/6
  1458 | D:3      | Found an ancient bone altar of Kikubaaqudgha.
  1597 | D:3      | Found a snail-covered altar of Cheibriados.
  1621 | D:3      | Became a worshipper of Beogh the Brigand
  2103 | D:4      | Slain by an orc wizard

Vault maps used:
D:1:      minmay_arrival_open_corners
D:2:      bloody_trog, trog_butcher_becter, uniq_sigmund
D:3:      kiku_gazebo_pond_becter, lemuel_doored_altar,
          kennysheep_big_empty_room, st_stairs_8
D:4:      evilmike_ruin_ashenzari, first_bread, serial_shops, shop

Action                   |  1- 3 |  4- 6 || total
-------------------------+-------+-------++-------
Melee: Long sword        |   135 |    89 ||   224
Invok: Convert to Beogh  |       |     1 ||     1
  Use: Scroll            |     1 |       ||     1
 Stab: Sleeping          |       |     2 ||     2
  Eat: Chunk             |       |    12 ||    12
       Bread ration      |       |     1 ||     1
